 Dungeon Crawl Stone Soup version 0.30-a0-722-g3e6e8c874d (webtiles) character file.

Game seed: 2552815666588032941

104525 browni3141 the Brawler (level 15, -6/152 HPs)
             Began as a Troll Berserker on Jan 27, 2023.
             Was a High Priest of Trog.
             Mangled by an anaconda (7 damage)
             ... on level 2 of the Snake Pit.
             The game lasted 00:50:22 (21746 turns).

browni3141 the Brawler (Troll Berserker)           Turns: 21746, Time: 00:50:23

Health: -6/152     AC: 12    Str: 37    XL:     15   Next: 92%
Magic:  14/14      EV: 11    Int:  6    God:    Trog [*****.]
Gold:   3716       SH:  0    Dex: 13    Spells: 14/14 levels left

rFire   + . .      SeeInvis .      - Unarmed
rCold   x . .      Faith    .    (no shield)
rNeg    . . .      Spirit   .    k - +2 troll leather armour
rPois   .          Reflect  .    (helmet restricted)
rElec   .          Harm     .    j - +0 cloak of Philately {Dex+4}
rCorr   +          Rampage  .    (gloves unavailable)
Will    +....                    (boots unavailable)
Stlth   ++++                     W - amulet "Puija" {Acrobat rCorr Stlth+}
HPRegen 2.05/turn                M - +4 ring of protection
MPRegen 0.14/turn                N - ring of the Ancient Beggars {Fire Str+2 Int+3}

@: lethally poisoned (-6 -> -18), marked, weakened, constricted, studying Short
Blades
A: large, unfitting armour, claws 3, regeneration 1, shaggy fur 1, tough skin 1,
deformed body
a: Renounce Religion, Berserk, Trog's Hand, Brothers in Arms


You were on level 2 of the Snake Pit.
You worshipped Trog.
Trog was extremely pleased with you.
You visited 4 branches of the dungeon, and saw 24 of its levels.
You also visited: Ossuary, Bailey and Gauntlet.

You collected 4175 gold pieces.
You spent 459 gold pieces at shops.

Inventory:

Missiles
 b - 45 boomerangs
 i - 14 javelins
 v - a throwing net
 P - 5 atropa-tipped darts
 Q - 5 curare-tipped darts
 Z - 25 large rocks (quivered)
Armour
 j - the +0 cloak of Philately (worn) {Dex+4}
   (You found it in a Gauntlet)

   Dex:       It affects your dexterity (+4).
 k - a +2 troll leather armour (worn)
 s - a +0 kite shield
Jewellery
 a - a ring of ice
 h - an amulet of the acrobat
 l - a ring of protection from cold
 o - a +6 ring of intelligence
 u - a ring of positive energy
 C - a ring of protection from cold
 D - a ring of see invisible
 F - a +5 ring of evasion
 G - a ring of ice
 H - a ring of positive energy
 J - a ring of willpower
 K - a ring of fire
 M - a +4 ring of protection (left claw)
 N - the ring of the Ancient Beggars (right claw) {Fire Str+2 Int+3}
   (You found it in a Gauntlet)

   [ring of fire]

   It enhances your fire magic.
   Str:       It affects your strength (+2).
   Int:       It affects your intelligence (+3).
   rF:        It protects you from fire.
   rC:        It makes you vulnerable to cold.
 T - a ring of flight
 W - the amulet "Puija" (around neck) {Acrobat rCorr Stlth+}
   (You found it on level 10 of the Dungeon)

   [amulet of the acrobat]

   It increases your evasion while moving and waiting.
   rCorr:     It protects you from acid and corrosion.
   Stlth:     It makes you more stealthy.
 X - a ring of resist corrosion
Wands
 e - a wand of acid (6)
 p - a wand of digging (9)
 q - a wand of polymorph (6)
 r - a wand of roots (20)
 y - a wand of charming (18)
 S - a wand of mindburst (18)
Potions
 c - 8 potions of flight
 d - 3 potions of invisibility
 f - 9 potions of curing
 g - 4 potions of lignification
 m - 7 potions of ambrosia {unknown}
 t - 2 potions of might {unknown}
 w - a potion of resistance {unknown}
 x - 4 potions of magic {unknown}
 z - 6 potions of attraction {unknown}
 A - 2 potions of mutation {unknown}
 B - a potion of cancellation {unknown}
 I - 5 potions of heal wounds {unknown}
 L - 3 potions of haste {unknown}
 O - 7 potions of brilliance {unknown}
 R - 5 potions of berserk rage
Miscellaneous
 n - a phantom mirror
 E - a lightning rod (4/4)
 V - a phial of floods (inert)
 Y - a box of beasts


   Skills:
 + Level 10.5 Fighting
 + Level 11.3 Throwing
 * Level 6.4 Armour
 + Level 10.3 Dodging
 - Level 5.0 Stealth
 * Level 5.4 Shields
 * Level 16.7 Unarmed Combat


You had 14 spell levels left.
You didn't know any spells.
Your spell library was empty.

Dungeon Overview and Level Annotations

Branches:
Dungeon (15/15)            Temple (0/1) D:5            Lair (5/5) D:10
 Shoals (0/4) Lair:2        Snake (2/4) Lair:3        Slime (0/5) Lair:5
    Orc (2/2) D:12            Elf (0/3) Orc:2        Vaults (0/5) D:14
 Depths (0/4) D:15        Ossuary (visited)          Bailey (visited)
Gauntlet (visited)

Altars:
Ashenzari
Dithmenos
Elyvilon
Fedhas
Kikubaaqudgha
Makhleb
Nemelex Xobeh
Okawaru
Qazlal
Trog
Vehumet
Wu Jian
Zin
The Shining One
Jiyva

Shops:
D:4 *   D:6 (   D:13 [   Orc:1 :   Orc:2 ?(((   Snake:1 (

Annotations:
D:10 2 runed translucent doors
D:15 1 exclusion


Innate Abilities, Weirdness & Mutations

You are too large for most types of armour.
You have claws for hands.
Your natural rate of healing is unusually fast.
You are covered in fur. (AC +1)
You have tough skin. (AC +1)
Armour fits poorly on your strangely shaped body.


Message History

A salamander tyrant comes into view.
You mangle the anaconda!! Your claw misses the anaconda.
The anaconda is heavily wounded.
The black mamba bites you.
The anaconda bites you but does no damage.
The anaconda constricts you.
You mangle the anaconda!!
The anaconda is almost dead.
The black mamba bites you!
You are poisoned.
The black mamba poisons you!
The anaconda bites you but does no damage.
The anaconda constricts you.
A salamander mystic comes into view.
It is wielding a +2 dagger of holy wrath.
The anaconda barely misses you. The anaconda constricts you.
The black mamba bites you but does no damage.
Okay, then.
Unknown command.
Your two-headed ogre goes berserk!
You feel very sick. The black mamba bites you!
You are more poisoned.
The black mamba poisons you! The anaconda bites you!
The anaconda constricts you. The anaconda bites you.
* * * LOW HITPOINT WARNING * * *
The salamander tyrant gazes fiercely through you!
You feel your attacks grow feeble.
Your two-headed ogre goes berserk!
You feel extremely sick. The black mamba bites you!
* * * LOW HITPOINT WARNING * * *
The anaconda bites you!
* * * LOW HITPOINT WARNING * * *
The anaconda constricts you.
* * * LOW HITPOINT WARNING * * *
The anaconda bites you but does no damage.
The black mamba bites you!
* * * LOW HITPOINT WARNING * * *
The anaconda bites you!
You die...

#........##..... #
#.........##...###.
#..........##..##..
#...........##.....
#..........##.....
#..........##.....
#................
###.SS.S..........
##@#.###...#.##....
#SSS## ####..##.)..
#.OO## ##.####.##
#....## #..# ##..
#.....####.## ##..
#.N)...##..#####...
##.N[............##.
#......###.......##.
##...### ##......##.


You could see a salamander tyrant, a salamander mystic, 2 anacondas, a black
mamba and 2 friendly two-headed ogres.

Vanquished Creatures
  Jorgrun (D:13)
  Asterion (Snake:1)
  Frances (Snake:1)
  Roxanne (D:14)
  The ghost of browni3141 the Grappler, a journeyman TrBe of Trog (Lair:4)
  Nessos (D:13)
  The ghost of avis the Nimble, a journeyman DgHu (Snake:1)
  A minotaur (Gauntlet)
  4 hydras
  4 centaur warriors
  2 anacondas
  4 two-headed ogres
  A death knight (D:13)
  2 boulder beetles
  4 catoblepae
  A tengu warrior (D:15)
  7 death yaks
  2 orc high priests (Orc:2)
  A shock serpent (Snake:2)
  Urug (D:14)
  5 skeletal warriors
  2 naga ritualists (Snake:2)
  A spark wasp zombie (D:15)
  2 wizards
  2 harpies (Lair:2)
  A phantasmal warrior (D:15)
  A necromancer (D:15)
  Pikel (D:4)
  A swamp dragon (Lair:3)
  A fire giant zombie (D:15)
  5 orc knights
  A lindwurm (Lair:3)
  A deep elf pyromancer (D:15)
  8 ugly things
  A frost giant zombie (D:15)
  3 orc sorcerers
  3 manticores
  A sphinx skeleton (D:15)
  3 oklob plants
  2 mana vipers (Snake:1)
  A salamander (Lair:3)
  A moth of wrath (Gauntlet)
  5 cyclopes
  10 black mambas
  A black mamba (shapeshifter) (D:10)
  A naga mage (Snake:1)
  A smoke demon (Gauntlet)
  8 cane toads
  4 elephants (Lair:5)
  3 gargoyles
  A torpor snail (Lair:3)
  2 rime drakes
  4 kobold demonologists
  9 komodo dragons
  A komodo dragon (shapeshifter) (D:10)
  A freezing wraith (D:13)
  An unseen horror (D:11)
  A red devil (Gauntlet)
  A tengu conjurer (D:15)
  12 trolls
  9 meliai
  A guardian mummy (D:15)
  A hornet (D:10)
  2 polar bears
  27 blink frogs
  11 dream sheep
  5 slime creatures (D:13)
  5 wraiths
  2 wyverns
  61 yaks
  A shadow (D:9)
  Grum (D:11)
  16 humans (D:14)
  5 basilisks
  4 vampire mosquitoes
  4 redbacks (Gauntlet)
  A warg (Orc:1)
  3 nagas
  11 water moccasins
  4 acid dragons
  Duvessa (D:7)
  3 ice beasts
  33 orc warriors
  3 sky beasts
  2 black bears
  5 ogres
  5 centaurs
  15 wolves
  2 phantoms (D:6)
  10 kobold brigands
  11 bullfrogs
  A scorpion (Lair:1)
  A wyvern zombie (D:6)
  A water moccasin zombie (D:6)
  9 wights
  Dowan (D:7)
  11 killer bees (D:9)
  3 electric eels
  5 howler monkeys
  4 crimson imps (Gauntlet)
  A bullfrog zombie (D:6)
  A centaur zombie (D:6)
  3 lava snakes (Lair:3)
  A human zombie (Ossuary)
  3 hounds
  A jelly (D:7)
  A gnoll bouda (D:7)
  15 orc priests
  Natasha (thrice) (D:3)
  26 orc wizards
  An iguana (D:5)
  4 mummies
  7 adders
  3 shadow imps
  3 white imps
  An ufetubus (D:5)
  2 worms
  4 dart slugs
  77 orcs
  A bat (shapeshifter) (D:15)
  8 endoplasms
  5 giant cockroaches
  8 goblins
  14 hobgoblins
  3 jackals (D:5)
  5 quokkas
  4 ball pythons
  6 bats
  2 frilled lizards
  6 goblin zombies (Ossuary)
  A hobgoblin zombie (Ossuary)
  32 kobolds
  A kobold zombie (Ossuary)
  9 rats
716 creatures vanquished.

Vanquished Creatures (collateral kills)
  An orc warlord (Orc:1)
  An orc high priest (Orc:2)
  An orc sorcerer (Orc:2)
  A cyclops (D:10)
  An orc warrior (Orc:1)
  An ogre (Orc:1)
  An orc priest (Orc:2)
  An orc wizard (Orc:1)
  2 orcs (Orc:1)
10 creatures vanquished.

Vanquished Creatures (others)
  A troll (Orc:1)
  An orc warrior (Orc:1)
  An orc wizard (Orc:2)
  23 demonic plants (Gauntlet)
  11 fungi
  21 plants
  3 withered plants
61 creatures vanquished.

Grand Total: 787 creatures vanquished

Notes
Turn   | Place    | Note
-------+----------+-------------------------------------------
     0 | D:1      | browni3141 the Troll Berserker began the quest for the Orb.
     0 | D:1      | Reached XP level 1. HP: 22/22 MP: 0/0
   226 | D:1      | Reached skill level 1 in Stealth
   226 | D:1      | Reached XP level 2. HP: 26/29 MP: 1/1
   446 | D:1      | Reached ** piety under Trog
   689 | D:2      | Reached XP level 3. HP: 34/36 MP: 2/2
   924 | D:2      | You fall into a shaft and drop 2 floors!
   951 | D:4      | Reached skill level 1 in Throwing
   951 | D:4      | Reached XP level 4. HP: 40/44 MP: 3/3
   975 | D:4      | Found Janusid's General Store.
  1045 | D:4      | Found a radiant altar of Vehumet.
  1087 | D:4      | Reached XP level 5. HP: 35/50 MP: 4/4
  1138 | D:4      | Found a shadowy altar of Dithmenos.
  1463 | D:4      | Noticed a lemure
  1464 | D:4      | Noticed Pikel
  1465 | D:4      | Noticed a lemure
  1466 | D:4      | Noticed a lemure
  1467 | D:4      | Noticed a lemure
  1472 | D:4      | Killed Pikel
  1473 | D:4      | Reached skill level 4 in Unarmed Combat
  1473 | D:4      | Reached XP level 6. HP: 61/61 MP: 5/5
  1473 | D:4      | Reached XP level 7. HP: 67/67 MP: 6/6
  1781 | D:3      | Noticed Natasha
  1787 | D:3      | Killed Natasha
  1914 | D:3      | Noticed Natasha
  1926 | D:3      | Killed Natasha
  1927 | D:3      | Reached skill level 5 in Unarmed Combat
  2010 | D:3      | Noticed Natasha
  2019 | D:3      | Killed Natasha
  2065 | D:3      | Found a glowing silver altar of Zin.
  2180 | D:3      | Reached *** piety under Trog
  3130 | D:5      | Entered Level 5 of the Dungeon
  3318 | D:5      | Found a glowing golden altar of the Shining One.
  3318 | D:5      | Found an ancient bone altar of Kikubaaqudgha.
  3548 | D:5      | Reached XP level 8. HP: 78/78 MP: 7/7
  3615 | D:5      | Found a staircase to the Ecumenical Temple.
  3683 | D:5      | Reached skill level 6 in Unarmed Combat
  3956 | D:6      | Found a sand-covered staircase.
  3965 | Ossuary  | Entered an ossuary
  4429 | D:6      | Reached skill level 5 in Throwing
  4429 | D:6      | Reached skill level 7 in Unarmed Combat
  4525 | D:6      | Found a stormy altar of Qazlal.
  4583 | D:6      | Reached **** piety under Trog
  4601 | D:6      | Reached XP level 9. HP: 73/85 MP: 8/8
  4649 | D:6      | Found Zemorot's Antique Weapon Shoppe.
  5074 | D:7      | Found a white marble altar of Elyvilon.
  5222 | D:7      | Reached skill level 8 in Unarmed Combat
  5226 | D:7      | Reached skill level 5 in Fighting
  5231 | D:7      | Reached skill level 5 in Dodging
  5488 | D:7      | Noticed Duvessa
  5489 | D:7      | Noticed Dowan
  5493 | D:7      | Noticed a two-headed ogre
  5497 | D:7      | Killed a two-headed ogre
  5501 | D:7      | Killed Duvessa
  5502 | D:7      | Reached skill level 9 in Unarmed Combat
  5502 | D:7      | Killed Dowan
  5619 | D:7      | Reached XP level 10. HP: 97/97 MP: 9/9
  5687 | D:7      | Identified the +2 long sword of Exquisite Death {flame,
                  | rCorr Int+6 Dex+2 Stlth-}
  5727 | D:7      | Found a burning altar of Makhleb.
  6204 | D:8      | Found a broken altar of Ashenzari.
  6955 | D:9      | Reached skill level 10 in Unarmed Combat
  6991 | D:9      | Reached ***** piety under Trog
  7207 | D:9      | Found a flagged portal.
  7230 | Bailey   | Entered a bailey
  7275 | Bailey   | Noticed an orc knight
  7332 | Bailey   | Killed an orc knight
  7402 | Bailey   | Reached XP level 11. HP: 85/107 MP: 10/10
  7783 | D:9      | Found a bloodstained altar of Trog.
  7783 | D:9      | Found an iron altar of Okawaru.
  8210 | D:10     | Entered Level 10 of the Dungeon
  8242 | D:10     | Reached skill level 11 in Unarmed Combat
  8316 | D:10     | Found a blossoming altar of Fedhas.
  8390 | D:10     | Found an ornate altar of the Wu Jian Council.
  8422 | D:10     | Noticed a two-headed ogre
  8491 | D:10     | Killed a two-headed ogre
  8512 | D:10     | Found a staircase to the Lair.
  8728 | D:10     | Identified the +4 quarterstaff of the Ecumenical Temple
                  | {elec, MP-9 Int+6 Stlth-}
  8731 | D:10     | Identified the +4 war axe "Coappain" {venom, Int+5}
  8731 | D:10     | Noticed a five-headed hydra
  8743 | D:10     | Killed a ten-headed hydra
  8790 | D:10     | Identified the amulet "Puija" {Acrobat rCorr Stlth+}
  8806 | D:10     | Found a runed translucent door.
  8806 | D:10     | Noticed a tengu warrior
  8807 | D:10     | Found a runed translucent door.
  8807 | D:10     | Noticed a centaur warrior
  9075 | D:10     | Lost intelligence.
  9175 | D:11     | Noticed Grum
  9182 | D:11     | Killed Grum
  9183 | D:11     | Reached skill level 12 in Unarmed Combat
  9527 | D:11     | Reached XP level 12. HP: 118/118 MP: 11/11
  9544 | D:11     | Received a gift from Trog
  9886 | D:12     | Noticed a two-headed ogre
  9905 | D:12     | Killed a two-headed ogre
 10017 | D:13     | Found Pywkir's Armour Emporium.
 10032 | D:13     | Bought a +2 troll leather armour for 459 gold pieces
 10223 | D:13     | Reached skill level 13 in Unarmed Combat
 10298 | D:12     | Found a staircase to the Orcish Mines.
 10664 | Orc:1    | Entered Level 1 of the Orcish Mines
 10796 | Orc:1    | Noticed an orc warlord
 10831 | Orc:1    | Reached skill level 1 in Armour
 10835 | Orc:1    | Killed an orc warlord
 10946 | Orc:1    | Found Wofyfac's Book Shop.
 11358 | Orc:2    | Entered Level 2 of the Orcish Mines
 11391 | Orc:1    | Reached XP level 13. HP: 83/128 MP: 12/12
 11806 | Orc:2    | Found a staircase to the Elven Halls.
 12095 | Orc:2    | Paralysed by an orc sorcerer for 5 turns
 12142 | Orc:2    | Found Joarile's Antique Weapon Shoppe.
 12142 | Orc:2    | Found Wozouz's Antique Weapon Boutique.
 12144 | Orc:2    | Found Duil's Antique Weapon Boutique.
 12144 | Orc:2    | Found Pozxiebu's Magic Scroll Shoppe.
 12226 | D:13     | Noticed Jorgrun
 12476 | D:13     | Reached skill level 14 in Unarmed Combat
 12729 | D:13     | Noticed Nessos
 12740 | D:13     | Killed Nessos
 13189 | D:13     | Killed Jorgrun
 13256 | D:14     | Noticed Urug
 13301 | D:14     | Identified the +0 rapier of Misery {heavy, rF- rCorr
                  | Stlth+} (Trog gifted it to you on level 14 of the Dungeon)
 13301 | D:14     | Received a gift from Trog
 13358 | D:14     | Killed Urug
 13380 | D:14     | Found a gate to the Vaults.
 13461 | D:14     | Reached XP level 14. HP: 112/138 MP: 13/13
 13513 | D:14     | Reached skill level 10 in Throwing
 13591 | D:14     | Identified the +2 chain mail of Philately {rPois rCorr
                  | Dex-2 SInv}
 13662 | D:14     | Reached skill level 5 in Stealth
 13670 | D:14     | Noticed Roxanne
 13712 | D:14     | Killed Roxanne
 13877 | D:14     | Reached skill level 15 in Unarmed Combat
 14171 | D:15     | Entered Level 15 of the Dungeon
 14295 | D:15     | Found a staircase to the Depths.
 14661 | D:15     | Found a sparkling altar of Nemelex Xobeh.
 14766 | D:15     | Found a bloodstained altar of Trog.
 14771 | D:15     | Received a gift from Trog
 15089 | Lair:1   | Entered Level 1 of the Lair of Beasts
 16373 | Lair:2   | Reached skill level 1 in Shields
 16452 | Lair:2   | Found a staircase to the Shoals.
 17009 | Lair:3   | Reached skill level 10 in Fighting
 17168 | Lair:3   | Reached skill level 16 in Unarmed Combat
 17210 | Lair:3   | Found a staircase to the Snake Pit.
 17542 | Lair:3   | Reached XP level 15. HP: 149/149 MP: 14/14
 17583 | Lair:4   | Noticed browni3141's ghost (journeyman TrBe)
 17583 | Lair:4   | Found a runed translucent door.
 17656 | Lair:3   | Received a gift from Trog
 18066 | Lair:4   | Identified the +1 hand axe of Lies {vamp, rElec rPois rN++
                  | Int-2}
 18448 | Lair:4   | Killed browni3141's ghost
 18470 | Lair:5   | Entered Level 5 of the Lair of Beasts
 18488 | Lair:5   | Reached skill level 5 in Armour
 18670 | Lair:5   | Found a gate leading to a gauntlet.
 18674 | Lair:5   | Reached skill level 10 in Dodging
 18702 | Gauntlet | Entered a Gauntlet
 18702 | Gauntlet | Found a transporter.
 18702 | Gauntlet | Found a transporter.
 18708 | Gauntlet | Found a transporter.
 18710 | Gauntlet | Found a transporter.
 18711 | Gauntlet | Found a transporter.
 18713 | Gauntlet | Found a transporter.
 18752 | Gauntlet | Found a transporter.
 18754 | Gauntlet | Found a transporter.
 18754 | Gauntlet | Found a transporter.
 18769 | Gauntlet | Found a transporter.
 18782 | Gauntlet | Found a transporter.
 18792 | Gauntlet | Found a transporter.
 18806 | Gauntlet | Found a transporter.
 18826 | Gauntlet | Found a transporter.
 18883 | Gauntlet | Identified the ring of the Ancient Beggars {Fire Str+2
                  | Int+3}
 18951 | Gauntlet | Identified the +0 cloak of Philately {Dex+4}
 19342 | Lair:5   | Received a gift from Trog
 19474 | Lair:5   | Found a viscous altar of Jiyva.
 19474 | Lair:5   | Found a staircase to the Slime Pits.
 19576 | Lair:5   | Identified the +4 quarterstaff of Circularity {flame, rC+
                  | Str+4}
 20311 | Snake:1  | Entered Level 1 of the Snake Pit
 20335 | Snake:1  | Found a runed translucent door.
 20336 | Snake:1  | Noticed avis's ghost (journeyman DgHu)
 20364 | Snake:1  | Killed avis's ghost
 20539 | Snake:1  | Noticed Asterion
 20579 | Snake:1  | Gained mutation: Armour fits poorly on your strangely
                  | shaped body. [a cacodemon]
 20668 | Snake:1  | Noticed Frances
 20911 | Snake:1  | Killed Asterion
 20912 | Snake:1  | Reached skill level 5 in Shields
 20939 | Snake:1  | Found Sewuz's Antique Weapon Shop.
 21204 | Snake:1  | Killed Frances
 21391 | Snake:2  | Noticed a nagaraja
 21746 | Snake:2  | HP: 1/152 [black mamba (14)]
 21746 | Snake:2  | Mangled by an anaconda

Illustrated notes

Levels and vault maps discovered:
D:1:      giann_horns, layout_basic, serial_bayou, serial_bayou_crossing,
          serial_bayou_pond_d, serial_bayou_ford_a, serial_bayou_pond_d
D:2:      layout_basic
D:3:      layout_rooms, mainiacjoe_overflow_24_doors, serial_co_window_serial,
          co_window_paths_a, co_window_corner_a, co_window_of_opportunity_a,
          co_window_corner_a, co_window_paths_a, co_window_paths_a,
          co_window_paths_a, co_window_broadway_b, co_window_paths_c,
          co_window_broadway_a, co_window_of_opportunity_c, co_window_2corner,
          glass_columns_a, glass_columns_c, glass_columns_a, glass_columns_a,
          glass_columns_c, uniq_natasha
D:4:      layout_loops_ring, nicolae_dithmenos_shadow_blocks,
          nicolae_vehumet_altar_sigil, serial_shops, shop,
          kennysheep_generic_room_6, uniq_pikel
D:5:      minmay_bubble_buster, layout_gridville,
          mainiacjoe_overflow_large_starburst, temple_pool_b,
          kennysheep_cross_room
D:6:      layout_rooms, nicolae_qazlal_general_emergency,
          gup_ossuary_entry_pyramid, serial_undead, serial_undead_d,
          serial_undead_e, serial_undead_a, serial_undead_f, serial_shops,
          kennysheep_mini
D:7:      corexii_shack_village, layout_loops_ring, kennysheep_mini_moat,
          elyvilon_altar_4, minmay_joined_circles, uniq_duvessa
D:8:      layout_basic, nicolae_ashenzari_panopticon
D:9:      layout_long_grid, grunt_temple_overflow_bloody_war, enter_bailey_4
D:10:     minmay_the_grid_four_pointed_star_mashed
          [minmay_the_grid_triangle_9x9_thin_v,
          minmay_the_grid_triangle_9x9_longest,
          minmay_the_grid_triangle_9x9_tough_junction,
          minmay_the_grid_triangle_9x9_minimal,
          minmay_the_grid_prize_trominoes], layout_cave_pools,
          mainiacjoe_overflow_tiny_flanked, fedhas_altar_3
D:11:     layout_roguey, hex_intersection, uniq_grum
D:12:     layout_cave_pools, orc_0_dummy
D:13:     layout_basic, serial_shops,
          nicolae_shop_temple_entry_statues_fountains, uniq_nessos, uniq_jorgrun
D:14:     layout_loops_ring, david_vaults_3, patterned_corridor,
          hangedman_abyss_or_decor_stabs, uniq_roxanne
D:15:     gammafunk_depths_entry_grave, layout_irregular_city,
          nemelex_diamond_rough_becter, tgw_trog
Lair:1:   layout_chaotic_city, grunt_megastairs_2, serial_bayou_shore_a,
          uniq_urug
Lair:2:   layout_gridlike, nicolae_shoals_entry_roost,
          chequers_serial_rivers_small_3, serial_bayou_lagoon_b
Lair:3:   layout_hall_layers, nicolae_snake_entry_warm_welcome, st_stairs_5,
          hibernation_bobbens, grunt_megastairs_5, lemuel_fruit_tree
Lair:4:   layout_layer_cave, gammafunk_ghost_grave, minivault_23
Lair:5:   evilmike_catoblepas_cave, layout_regular_city,
          dpeg_slime_entry_enclosed, gauntlet_entry_generic,
          chequers_serial_rivers_room_b, grunt_megastairs_4
Snake:1:  layout_grid_maze, ebering_ghost_inner_flame, serial_shops, shop,
          uniq_frances, uniq_asterion
Snake:2:  layout_chambers
Orc:1:    layout_caves, basic_altar, serial_shops, nicolae_diamond_shop
Orc:2:    grunt_orc_tribal_feast, layout_diamond_mine

Skill      XL: |  1  2  3  4  5  6  7  8  9 10 11 12 13 14 15 |
---------------+----------------------------------------------+-----
Stealth        | 1 2 3 4 5 |  5.0
Throwing       | 1 3 4 5 6 7 8 9 10 11 | 11.3
Fighting       | 3 4 5 6 7 8 9 10 | 10.5
Dodging        | 3 4 5 6 7 8 9 10 | 10.3
Unarmed Combat | 4 5 7 9 10 12 13 14 16 | 16.7
Armour         | 2 4 6 |  6.4
Shields        | 2 5 |  5.4

Action                     |  1- 3 |  4- 6 |  7- 9 | 10-12 | 13-15 || total
---------------------------+-------+-------+-------+-------+-------++-------
  Melee: Unarmed           |    97 |    74 |   313 |   628 |  1101 ||  2213
         Punch             |     1 |       |    13 |    42 |    95 ||   151
  Throw: Boomerang         |     1 |       |       |    24 |    35 ||    60
         Javelin           |       |       |       |     7 |    13 ||    20
         Large rock        |       |       |       |       |    23 ||    23
 Invoke: Berserk           |       |     3 |     9 |    11 |    18 ||    41
         Trog's Hand       |       |     1 |       |     3 |     4 ||     8
         Brothers in Arms  |       |       |       |     2 |     4 ||     6
  Evoke: Wand              |       |       |       |    14 |     1 ||    15
         Box of beasts     |       |       |       |     1 |       ||     1
         Phial of floods   |       |       |       |       |     1 ||     1
    Use: Potion            |       |       |       |     8 |       ||     8
   Stab: Sleeping          |       |     2 |     4 |     5 |    15 ||    26
         Distracted        |       |       |       |     1 |     1 ||     2
         Invisible         |       |       |       |     1 |       ||     1
         Petrified         |       |       |       |       |     2 ||     2
 Armour: Animal skin       |    29 |    34 |    89 |   103 |       ||   255
         Skin              |       |       |       |    46 |       ||    46
         Troll leather arm |       |       |       |   129 |   433 ||   562
  Dodge: Dodged            |    54 |    28 |   135 |   384 |   594 ||  1195

Table legend: (Time is in decaauts)
 A = Elapsed time spent in this place.
 B = Non-inter-level travel time spent in this place.
 C = Inter-level travel time spent in this place.
 D = Time resting spent in this place.
 E = Time spent auto-exploring this place.
 F = Levels seen in this place.
 G = Mean time per level.
                   A        B        C        D        E       F      G
               +--------+--------+--------+--------+--------+-----+--------+
         Total |  21704 |  20674 |   1030 |   1063 |  14376 |  27 |  803.9 |
       Dungeon |  12794 |  12147 |    647 |    698 |   8683 |  15 |  852.9 |
          Lair |   4716 |   4459 |    257 |     78 |   3299 |   5 |  943.2 |
     Snake Pit |   1448 |   1390 |     58 |    166 |    835 |   2 |  724.0 |
  Orcish Mines |   1518 |   1452 |     66 |    109 |    865 |   2 |  759.0 |
       Ossuary |    429 |    429 |      0 |      0 |    300 |   1 |  429.0 |
        Bailey |    428 |    428 |      0 |     11 |    202 |   1 |  428.0 |
      Gauntlet |    369 |    369 |      0 |      0 |    192 |   1 |  369.0 |
               +--------+--------+--------+--------+--------+-----+--------+

Top non-repeatable levels by time:
  Lair:5: 1399 daAuts
    D:13: 1231 daAuts
 Snake:1: 1116 daAuts
     D:7: 1000 daAuts
    D:10: 949 daAuts
    D:14: 948 daAuts
     D:9: 930 daAuts
     D:8: 925 daAuts
     D:3: 871 daAuts
  Lair:2: 869 daAuts
  Lair:1: 865 daAuts
    D:15: 855 daAuts
     D:5: 843 daAuts
     D:4: 826 daAuts
  Lair:4: 800 daAuts
